Map: [ESL] Alcyone

Players

Cure - Winner!

  • Race: Terran Terran
  • Spawn Location: 1:00

Reynor

  • Race: Zerg Zerg
  • Spawn Location: 7:00

Event: ESL Spring 2024 Finals

VOD

Have the link to the VOD?

Description

Time

  • Played on: May 31, 2024, 7:28 p.m.
  • Length: 15:57

All games in this series

Show
View Real Time Build Order
Export as new Build Order

Cure Terran - Winner!

Build Orders:  

Get SALT Encoding   

  12  0:00  SCV  
  13  0:12  SCV  
  14  0:17  Supply Depot  
  14  0:24  SCV  
  15  0:38  SCV  
  15  0:40  Barracks  
  15  0:42  Refinery  
  16  0:51  SCV  
  17  0:58  Barracks  
  17  1:03  SCV  
  18  1:15  SCV  
  19  1:27  Orbital Command  
  19  1:28  Reaper  
  20  1:34  Supply Depot  
  20  1:45  Reaper  
  21  1:53  SCV  
  22  2:01  Reaper  
  22  2:05  SCV  
  24  2:10  Command Center  
  24  2:15  Refinery  
  24  2:17  SCV  
  24  2:20  Reaper  
  26  2:29  SCV  
  27  2:36  Barracks Tech Lab  
  27  2:41  SCV  
  28  2:53  SCV  
  28  2:56  Marine  
  28  2:57  Marine, Factory  
  31  3:16  Command Center, Barracks Reactor  
  31  3:22  SCV  
  31  3:26  Orbital Command  
  32  3:34  SCV  
  32  3:36  Marine  
  32  3:37  Stimpack  
  34  3:46  SCV  
  35  3:55  Hellion x2  
  39  3:58  Marine  
  39  3:59  Barracks Reactor  
  39  4:00  SCV x2  
  40  4:09  Starport  
  39  4:12  SCV x2  
  39  4:16  Marine, Hellion x2  
  45  4:24  SCV  
  45  4:27  Orbital Command, SCV  
  47  4:33  Marine  
  47  4:37  SCV, Marine  
  47  4:38  Marine, Hellion x2  
  55  4:39  SCV  
  55  4:43  Supply Depot  
  56  4:50  SCV  
  56  4:51  SCV  
  56  4:52  Armory  
  58  4:53  Marine  
  58  4:55  SCV, Marine  
  61  5:01  Supply Depot  
  61  5:04  Marine  
  61  5:05  Medivac x2  
  61  5:06  SCV x2  
  68  5:08  SCV  
  68  5:13  Supply Depot  
  69  5:21  Supply Depot  
  69  5:22  SCV, Marine x2  
  69  5:23  SCV x2, Hellion  
  69  5:26  Combat Shield  
  76  5:29  Orbital Command  
  76  5:31  Refinery  
  76  5:32  Refinery  
  76  5:33  Supply Depot  
  76  5:34  Marine  
  77  5:38  SCV x2  
  77  5:40  Marine  
  80  5:44  Factory Tech Lab  
  80  5:48  Marine  
  81  5:50  Engineering Bay  
  81  5:51  SCV x2, Marine, Engineering Bay  
  84  5:58  Marine, Barracks  
  84  5:59  SCV  
  84  6:03  SCV x2  
  88  6:13  Marine x2  
  88  6:16  Siege Tank, Marine  
  88  6:17  SCV x3  
  93  6:18  Terran Infantry Weapons Level 1, Terran Infantry Armor Level 1  
  89  6:34  Marine x3  
  89  6:35  Medivac x2  
  89  6:39  Barracks  
  84  6:40  SCV x2, Barracks  
  84  6:41  SCV  
  84  6:46  Barracks Reactor  
  86  6:52  SCV x2, Marine x3  
  86  6:53  SCV  
  92  6:56  Siege Tank  
  95  7:02  Supply Depot  
  95  7:03  Supply Depot  
  95  7:04  SCV x2  
  95  7:05  SCV  
  98  7:09  Marine x3  
  101  7:15  Supply Depot  
  101  7:16  Terran Vehicle Weapons Level 1  
  101  7:20  Refinery, Factory  
  101  7:23  Medivac x2  
  101  7:24  SCV x3  
  101  7:26  Refinery  
  101  7:27  Marine  
  101  7:29  Supply Depot  
  109  7:30  Marine x2  
  109  7:31  Marine  
  109  7:32  Barracks Reactor  
  109  7:33  Marine, Barracks Reactor  
  109  7:36  Siege Tank  
  116  7:45  SCV x3  
  116  7:51  Marine x5  
  121  7:52  Supply Depot  
  124  8:09  Marine x5  
  124  8:10  Siege Tank  
  132  8:14  Terran Infantry Armor Level 2, Terran Infantry Weapons Level 2, Medivac x2  
  132  8:15  Supply Depot x3  
  132  8:16  Supply Depot, Factory Tech Lab  
  136  8:22  Command Center  
  136  8:24  SCV x3  
  136  8:26  Marine x2  
  141  8:36  Siege Tank, Marine x5  
  141  8:38  Supply Depot  
  141  8:39  Marine x2  
  151  8:46  Siege Tank, Marine x2  
  153  8:53  Medivac  
  153  8:54  Marine x5, Medivac  
  162  8:57  Marine  
  162  9:02  Marine  
  163  9:04  Marine x2  
  165  9:10  Barracks  
  165  9:11  Barracks  
  165  9:12  Marine, Barracks  
  165  9:14  SCV x3  
  165  9:15  Marine x2  
  170  9:20  Siege Tank x2  
  176  9:31  Marine x7  
  172  9:32  Viking  
  172  9:33  Marine  
  182  9:44  Viking  
  183  9:56  Siege Tank x2  
  183  9:58  SCV x3  
  183  9:59  Barracks Tech Lab  
  192  10:00  Barracks Tech Lab x2  
  192  10:02  Ghost Academy  
  192  10:05  Marine x2, Marauder  
  196  10:18  Marine x2  
  196  10:21  Marine x3, Marauder  
  196  10:22  Marine x2  
  196  10:23  Marine  
  196  10:24  Marauder  
  196  10:26  Planetary Fortress  
  196  10:29  Supply Depot  
  196  10:34  Marauder  
  195  10:36  Viking  
  195  10:38  Marauder, Viking  
  180  10:44  Marine x5  
  180  10:45  Marine x2, Marauder x2  
  180  10:47  Marine  
  179  10:55  Marauder  
  161  10:59  Marine  
  161  11:02  Marine  
  157  11:06  Viking  
  157  11:08  Viking  
  157  11:09  Marine x2  
  157  11:10  Marine x2, Marauder x2  
  157  11:11  SCV x4  
  161  11:16  Marauder  
  153  11:22  Ghost  
  153  11:23  Terran Infantry Weapons Level 3  
  153  11:24  Terran Infantry Armor Level 3  
  145  11:30  Ghost x2  
  147  11:36  Viking  
  147  11:37  Ghost  
  147  11:38  Viking  
  153  11:41  Refinery  
  153  11:43  Refinery  
  153  11:48  Personal Cloaking  
  153  11:49  Terran Vehicle Weapons Level 2  
  153  11:54  Ghost  
  152  11:55  Siege Tank  
  157  12:03  Command Center  
  157  12:04  Ghost  
  157  12:17  Ghost  
  157  12:18  Ghost  
  159  12:24  Medivac  
  159  12:29  Marine x5, Medivac  
  166  12:30  Marine  
  168  12:40  Ghost x2  
  168  12:41  Command Center  
  172  12:50  Siege Tank  
  175  12:51  Marine x6  
  175  12:54  Medivac  
  183  12:59  Medivac  
  183  13:00  Command Center  
  185  13:07  Concussive Shells  
  185  13:09  Marine x2, Ghost x2  
  185  13:10  Marauder  
  185  13:11  Marine x4, Marauder  
  198  13:21  Marine x2  
  200  13:44  Marine  
  200  13:48  Marine x4, Marauder x2  
  198  14:01  Ghost  
  195  14:12  Ghost x2  
  195  14:13  Marine x4, Marauder  
  184  14:17  Medivac x2  
  184  14:18  Marine x4  
  185  14:30  Marine x2  
  185  14:31  Marine x2, Marauder  
  182  14:35  Marauder  
  182  14:36  Marine x4  
  183  14:41  Marauder  
  183  14:42  Marauder  
  185  14:46  Orbital Command  
  185  14:47  Medivac x2  
  185  14:48  Orbital Command, Marine x2  
  185  14:52  SCV x4, Marauder  
  185  14:56  Marauder  
  187  15:00  Siege Tank x2  
  187  15:03  Marauder x2  
  187  15:04  Missile Turret  
  187  15:05  Sensor Tower  
  197  15:17  Medivac  
  199  15:21  Marine  
Show
View Real Time Build Order
Export as new Build Order

Reynor Zerg 

Build Orders: Hatch First, Lurkers 

Get SALT Encoding   

  12  0:00  Drone  
  13  0:12  Overlord  
  13  0:16  Drone  
  14  0:30  Drone x2  
  16  0:48  Hatchery  
  15  0:50  Drone  
  15  0:54  Drone  
  17  0:57  Drone  
  18  1:07  Extractor  
  17  1:13  Spawning Pool  
  17  1:15  Drone  
  17  1:19  Drone  
  18  1:28  Drone  
  19  1:39  Drone  
  20  1:49  Drone  
  21  2:00  Zergling x4, Queen x2  
  27  2:13  Hatchery  
  26  2:18  Overlord  
  26  2:22  Drone  
  27  2:23  Drone  
  28  2:31  Metabolic Boost  
  28  2:36  Zergling x2  
  29  2:38  Zergling x4  
  31  2:44  Queen  
  31  2:50  Overlord  
  33  2:53  Zergling x2  
  33  2:54  Zergling x2  
  35  3:01  Drone  
  36  3:09  Queen  
  36  3:10  Drone x3  
  41  3:15  Zergling x4  
  41  3:18  Drone  
  43  3:22  Zergling x2  
  44  3:28  Queen  
  44  3:30  Drone  
  44  3:31  Drone  
  48  3:34  Overlord  
  48  3:37  Drone  
  48  3:38  Drone  
  50  3:44  Overlord  
  50  3:50  Overlord  
  49  3:59  Drone  
  49  4:00  Drone x7  
  57  4:03  Drone  
  57  4:07  Queen  
  57  4:08  Drone  
  61  4:10  Drone  
  61  4:12  Drone  
  61  4:16  Queen  
  63  4:18  Drone  
  63  4:22  Drone x2  
  63  4:24  Drone x2  
  69  4:29  Overlord  
  70  4:35  Drone x3  
  70  4:36  Drone  
  70  4:37  Overlord  
  74  4:44  Roach Warren, Drone, Extractor  
  73  4:46  Drone, Overlord  
  73  4:47  Drone x2  
  73  4:49  Drone  
  73  4:50  Drone  
  73  4:52  Drone x2  
  80  4:56  Overlord  
  80  4:57  Drone  
  81  5:04  Drone  
  81  5:06  Drone  
  81  5:07  Drone  
  84  5:08  Drone x3  
  84  5:12  Overlord  
  87  5:18  Lair  
  87  5:19  Drone x2  
  87  5:21  Drone x2, Spore Crawler  
  90  5:24  Drone  
  90  5:25  Spore Crawler x2, Extractor  
  90  5:27  Drone x2  
  90  5:28  Evolution Chamber x2  
  89  5:29  Overlord  
  89  5:34  Drone, Hatchery  
  88  5:36  Drone  
  88  5:38  Extractor  
  88  5:41  Queen  
  90  5:43  Roach x3  
  90  5:45  Drone  
  90  5:46  Drone x2  
  100  5:50  Drone  
  100  5:51  Drone x2  
  100  5:55  Drone x3  
  105  5:58  Extractor  
  104  6:04  Roach x2  
  104  6:08  Roach  
  104  6:09  Queen  
  110  6:12  Overlord  
  110  6:15  Overlord  
  110  6:18  Overlord  
  100  6:20  Overlord  
  100  6:22  Roach  
  100  6:23  Overlord  
  90  6:26  Roach  
  90  6:27  Overlord  
  90  6:31  Drone x3  
  80  6:33  Roach  
  80  6:34  Queen, Roach x3  
  80  6:36  Drone  
  82  6:42  Zerg Ground Armor Level 1, Zerg Missile Weapons Level 1  
  82  6:43  Drone  
  82  6:46  Drone  
  84  6:48  Drone, Glial Reconstitution  
  84  6:52  Drone  
  86  6:56  Drone x2  
  86  6:57  Drone x2  
  92  7:02  Extractor, Infestation Pit  
  92  7:04  Drone  
  92  7:06  Drone  
  92  7:08  Drone  
  91  7:09  Drone  
  91  7:11  Roach x3  
  91  7:15  Drone  
  99  7:19  Roach x5  
  99  7:21  Drone  
  110  7:23  Spore Crawler  
  110  7:24  Overlord  
  110  7:25  Drone x2  
  110  7:27  Overlord  
  110  7:29  Overlord  
  111  7:31  Roach  
  111  7:35  Drone x2  
  115  7:39  Infestor x2  
  115  7:42  Drone x2  
  115  7:43  Drone x2  
  123  7:46  Drone x3  
  123  7:48  Overlord  
  126  7:52  Drone  
  126  7:53  Drone, Hive  
  126  7:57  Hydralisk Den  
  127  8:00  Roach x3  
  130  8:06  Queen  
  130  8:07  Drone x2  
  130  8:11  Drone x2  
  134  8:14  Roach x2  
  134  8:16  Extractor  
  134  8:19  Roach x3  
  143  8:20  Ravager  
  143  8:21  Overlord  
  143  8:24  Ravager x2  
  143  8:26  Drone x2  
  143  8:27  Drone x2  
  149  8:29  Extractor  
  149  8:30  Overlord  
  149  8:34  Queen, Lurker Den  
  149  8:36  Roach x2  
  149  8:38  Overlord  
  154  8:46  Zerg Ground Armor Level 2  
  152  8:48  Drone x2  
  152  8:49  Drone  
  152  8:52  Overlord  
  155  8:56  Drone  
  155  9:00  Drone x2, Overlord  
  156  9:11  Hydralisk x3  
  156  9:12  Hydralisk  
  156  9:13  Zerg Missile Weapons Level 2  
  156  9:14  Hatchery, Roach x2  
  156  9:15  Roach x3  
  173  9:17  Overlord  
  170  9:33  Seismic Spines  
  170  9:34  Roach x3  
  174  9:39  Lurker x2  
  174  9:40  Drone  
  174  9:41  Drone x2, Queen  
  174  9:43  Roach x4  
  187  9:46  Overlord  
  187  9:48  Zergling x6  
  187  9:50  Zergling x12  
  196  9:55  Lurker  
  196  9:57  Lurker  
  199  10:00  Overlord  
  199  10:01  Zergling x4  
  199  10:04  Overlord  
  200  10:19  Hydralisk  
  200  10:23  Overlord  
  200  10:25  Hydralisk x2  
  196  10:36  Hydralisk x3  
  196  10:37  Hydralisk  
  191  10:43  Hydralisk  
  191  10:44  Zergling x20  
  191  10:46  Queen x2  
  170  10:52  Hydralisk  
  170  10:53  Queen, Hydralisk x6  
  146  10:57  Hydralisk x2  
  146  10:58  Zergling x4  
  146  11:01  Drone  
  146  11:02  Drone x2  
  146  11:10  Drone x2  
  148  11:12  Hydralisk x2  
  148  11:13  Zergling x2, Hydralisk  
  141  11:18  Zergling x2  
  141  11:20  Hydralisk  
  141  11:21  Zergling x4  
  141  11:26  Drone x2  
  141  11:27  Drone x2  
  141  11:29  Queen  
  141  11:30  Adaptive Talons  
  147  11:33  Lurker x2  
  147  11:34  Drone x3  
  147  11:35  Drone x2, Hatchery  
  147  11:36  Hydralisk  
  147  11:38  Zergling x2  
  156  11:40  Zergling x6  
  159  11:52  Drone x5  
  163  11:57  Zerg Ground Armor Level 3  
  163  11:58  Drone x2  
  162  12:11  Drone x3  
  162  12:13  Muscular Augments  
  154  12:15  Zerg Melee Weapons Level 1  
  154  12:19  Drone x2  
  154  12:20  Lurker x3  
  154  12:22  Drone  
  160  12:23  Spore Crawler, Drone x2  
  160  12:29  Lurker  
  162  12:30  Zergling x24  
  174  12:39  Baneling Nest  
  174  12:40  Drone x3  
  176  12:44  Spore Crawler, Zergling x8  
  176  12:45  Zergling x2  
  176  12:51  Lurker x4  
  182  12:54  Drone x6  
  190  12:59  Lurker  
  190  13:00  Lurker  
  190  13:04  Hydralisk  
  190  13:05  Zergling x4, Extractor, Hydralisk  
  191  13:17  Lurker x2, Grooved Spines  
  183  13:26  Drone x3  
  186  13:30  Hatchery  
  186  13:31  Hydralisk  
  186  13:32  Zergling x22  
  187  13:35  Overseer x3  
  177  13:41  Hydralisk x3  
  174  13:54  Hydralisk x6  
  168  14:03  Hydralisk x2  
  168  14:04  Hydralisk  
  168  14:08  Hydralisk x2  
  168  14:09  Zergling x2  
  177  14:13  Hydralisk  
  177  14:14  Zergling x2  
  152  14:23  Hydralisk x3  
  152  14:24  Zergling x2  
  146  14:29  Zergling x8  
  146  14:30  Zergling x2  
  142  14:34  Lurker x2  
  142  14:40  Lurker  
  142  14:44  Pneumatized Carapace  
  142  14:45  Zergling x4, Hydralisk  
  143  14:46  Zergling x2  
  144  15:03  Lurker x6  
  144  15:05  Infestor  
  148  15:07  Hatchery  
  148  15:09  Lurker x2  
  149  15:15  Lurker  
  149  15:17  Zergling x10  
  152  15:23  Lurker x2  
  154  15:32  Lurker x2  
  154  15:34  Zergling x18  
Tags
 
Add a new tag
Caveats
  • Supply blocks, unpowered buildings, or Contaminate may cause inaccurate times.
  • Supply counts are checked every 10 seconds.